 Dungeon Crawl Stone Soup version 0.25.1-2-g60ff931df9 (webtiles) character file.

Game seed: 6727986714351121170

360 DearestLeader the Destroyer (level 6, -1/32 HPs)
             Began as a Deep Elf Conjurer on Sept 14, 2020.
             Slain by a wraith (11 damage)
             ... in an ossuary.
             The game lasted 00:09:58 (3697 turns).

DearestLeader the Destroyer (Deep Elf Conjurer)     Turns: 3697, Time: 00:09:59

Health: -1/32      AC:  2    Str:  5    XL:     6   Next: 38%
Magic:  8/12       EV: 14    Int: 22    God:
Gold:   172        SH:  0    Dex: 15    Spells: 4/11 levels left

rFire    . . .     SeeInvis .   k - +0 rapier
rCold    . . .     Gourm    .   (no shield)
rNeg     . . .     Faith    .   b - +0 robe {MR+}
rPois    .         Spirit   .   (no helmet)
rElec    .         Reflect  .   (no cloak)
rCorr    .         Harm     .   (no gloves)
MR       +....                  (no boots)
Stlth    +++.......             (no amulet)
HPRegen  0.10/turn              e - ring of stealth
MPRegen  0.13/turn              (no ring)

@: slowed, very slow
A: no striking features
a: no special abilities


You were in an ossuary.
You were not hungry.

You visited 1 branch of the dungeon, and saw 4 of its levels.
You also visited: Ossuary.

You collected 172 gold pieces.

Inventory:

Hand Weapons
 k - a +0 rapier (weapon)
Armour
 b - a +0 robe of magic resistance (worn)
Jewellery
 e - a ring of stealth (left hand)
Scrolls
 i - a scroll of enchant armour
 j - a scroll of magic mapping {unknown}
 m - 2 scrolls of identify
Potions
 a - a potion of heal wounds {unknown}
 d - a potion of curing {unknown}
 f - a potion of stabbing
 g - a potion of cancellation
 h - a potion of brilliance {unknown}
 l - 2 potions of lignification {unknown}
 n - a potion of degeneration {unknown}
Comestibles
 c - 2 rations


   Skills:
 + Level 3.4 Dodging
 - Level 2.4 Stealth
 - Level 3.0 Spellcasting
 * Level 8.2 Conjurations


You had 4 spell levels left.
You knew the following spells:

 Your Spells              Type           Power        Failure   Level  Hunger
a - Magic Dart            Conj           ####         1%          1    None
b - Searing Ray           Conj           #####.       1%          2    ##.....
c - Iskenderun's Mystic   Conj/Tloc      ###.....     22%         4    ####...

Your spell library contained the following spells:

 Spells                   Type           Power        Failure   Level  Hunger
 Dazzling Flash           Conj/Hex       ###...       7%          3    ###....
 Fulminant Prism          Conj/Hex       ###.......   22%         4    ####...


Dungeon Overview and Level Annotations

Branches:
Dungeon (4/15)            Ossuary (1/1)
 Temple: D:4-7

Altars:
Dithmenos
Kikubaaqudgha

Annotations:
D:3 2 transporters, tensugalgo's ghost, amateur OpFE


Message History

Casting: Searing Ray (safe; 1% risk of failure)
Confirm with . or Enter, or press ? or * to list all spells.
Aiming: Searing Ray (safe; 1% risk of failure)
Press: ? - help, Shift-Dir - straight line, f - wraith
Aim: a wraith The searing ray hits the wraith but does no damage. (Press . to maintain the ray.)
The wraith hits you. The wraith drains your vigour!
You feel as though you will be slow longer.
The wraith hits you! The wraith drains your vigour!
You feel as though you will be slow longer.
The searing ray hits the wraith.
The wraith is lightly damaged.
The wraith misses you.
The searing ray hits the wraith.
The wraith is moderately damaged.
The wraith hits you! The wraith drains your vigour!
You feel as though you will be slow longer.
The wraith hits you!
You die...

#####+#####
#..@W.....##
#...##'##...##
#...##...##...##
#...##.!.?.##...#
+...#.!.?!..#...+
#...##.?!..##...#
##...##...##...##
#...#####...## .
##.........##...


You could see a wraith.

Vanquished Creatures
  A phantom (D:3)
  A scorpion (D:4)
  A bullfrog skeleton (D:4)
  A worker ant (D:2)
  2 hound skeletons (D:4)
  A mummy (Ossuary)
  6 adders
  A worm (D:2)
  A dart slug (D:1)
  3 leopard geckos
  6 orcs (D:3)
  3 giant cockroaches
  2 goblins (D:1)
  4 hobgoblins
  3 jackals (D:3)
  A quokka (D:3)
  12 bats
  2 frilled lizards (D:1)
  2 gnoll skeletons (Ossuary)
  15 kobolds
  2 kobold skeletons (Ossuary)
  5 orc skeletons (Ossuary)
  6 rats
81 creatures vanquished.

Notes
Turn   | Place    | Note
-------+----------+-------------------------------------------
     0 | D:1      | DearestLeader the Deep Elf Conjurer began the quest for the
                  | Orb.
     0 | D:1      | Reached XP level 1. HP: 10/10 MP: 6/6
   290 | D:1      | Reached XP level 2. HP: 11/15 MP: 5/8
   430 | D:1      | Reached skill level 5 in Conjurations
  1197 | D:2      | You fall into a shaft and drop 1 floor!
  1211 | D:3      | Found a shadowy altar of Dithmenos.
  1217 | D:3      | Reached XP level 3. HP: 18/19 MP: 6/9
  1238 | D:3      | Learned a level 2 spell: Searing Ray
  1406 | D:3      | Found a transporter.
  1407 | D:3      | Noticed tensugalgo's ghost (amateur OpFE)
  1412 | D:3      | Found a transporter.
  1523 | D:3      | Noticed a phantom
  1576 | D:3      | Killed a phantom
  1576 | D:3      | Reached skill level 7 in Conjurations
  1576 | D:3      | Reached XP level 4. HP: 5/24 MP: 2/10
  1599 | D:3      | Reached XP level 5. HP: 8/28 MP: 2/11
  2039 | D:3      | Found an ancient bone altar of Kikubaaqudgha.
  2320 | D:2      | Learned a level 4 spell: Iskenderun's Mystic Blast
  3415 | D:4      | Reached XP level 6. HP: 20/32 MP: 4/12
  3480 | D:4      | Reached skill level 8 in Conjurations
  3526 | D:4      | Found a sand-covered staircase.
  3535 | Ossuary  | Entered an ossuary
  3535 | Ossuary  | Noticed a wraith
  3535 | Ossuary  | Noticed a wraith
  3535 | Ossuary  | Noticed a wraith
  3681 | Ossuary  | Noticed a wraith
  3697 | Ossuary  | Slain by a wraith

Illustrated notes

Levels and vault maps discovered:
D:1:      saegor_arrival_simple_a, layout_rooms, serial_glass, glass_columns_a,
          glass_columns_b, glass_columns_b, glass_columns_b, glass_columns_a,
          glass_columns_a, glass_columns_b, glass_columns_a, glass_columns_a,
          glass_columns_b
D:2:      layout_loops_cross
D:3:      layout_loops_ring, lemuel_crystal_altar, kiku_gazebo_garden_becter,
          gammafunk_ghost_mausoleum, st_stairs_7
D:4:      layout_basic, enter_ossuary_1
Ossuary:  ossuary_due_mausoleum

Skill      XL: |  1  2  3  4  5  6 |
---------------+-------------------+-----
Conjurations   | 5 7 8 |  8.2
Dodging        | 3 |  3.4
Stealth        | |  2.4
Spellcasting   | |  3.0

Action                   |  1- 3 |  4- 6 || total
-------------------------+-------+-------++-------
Melee: Dagger            |    16 |     1 ||    17
       Rapier            |       |    24 ||    24
 Cast: Magic Dart        |    78 |    38 ||   116
       Searing Ray       |     3 |    20 ||    23
  Use: Scroll            |       |     4 ||     4
 Stab: Sleeping          |       |     2 ||     2
  Eat: Chunk             |     2 |     5 ||     7
       Ration            |       |     1 ||     1
Armor: Robe              |     3 |     8 ||    11
Dodge: Dodged            |    18 |    38 ||    56
